AoeStats
← Nicki D

Marketplace

505901951Analyzed
1v1 RM · 21d ago on Sep 11, 2026· 30m 31s· 2 players
Game mode
Random Map
Map size
Tiny (2 player)
Population
200
Speed
Normal
Resources
Standard
Victory
Conquest
Starting age
Dark Age
Ending age
Imperial Age
RankedLock teamsTeams togetherTeam positionsShared explorationLock speedFull tech treeHidden civsTurbo modeCheats
Victory
Defeat
🇨🇦 Poles · Canada
1023
+15
🇩🇪 Hindustanis · Germany
1009
-15
gametuete
7:05 Loom
10:35 Feudal Age
12:01 Wheelbarrow
24:37 Castle Age
25:27 Bloodlines
25:20 Husbandry
Nicki D
7:13 Loom
10:13 Feudal Age
10:50 Double-Bit Axe
11:47 Horse Collar
17:43 Forging
21:22 Scale Barding Armor
24:58 Castle Age
Connection lost

Rejoining the realm…

Still unreachable

The connection could not be restored.

Session expired

The server has moved on; the page needs a fresh start.